 Dungeon Sprint DCSS version 0.20.1-1-g8b1a95d (webtiles) character file.

4202 wojtek the Bludgeoner (level 10, 0/101 HPs)
             Began as a Minotaur Fighter on Dec 31, 2017.
             Was a High Priest of Trog.
             Splashed by a jelly's acid (9 damage)
             ... in the Dungeon (Sprint I: "Red Sonja").
             The game lasted 00:03:51 (1586 turns).

wojtek the Bludgeoner (Minotaur Fighter)            Turns: 1586, Time: 00:03:52

Health: 0/101      AC: -12   Str: 23    XL:     10   Next: 8%
Magic:  9/9        EV: 10    Int:  5    God:    Trog [*****.]
Gold:   309        SH: 10    Dex: 11    Spells: 9/9 levels left

rFire    + . .     SeeInvis .   a - +0 flail
rCold    + . .     Gourm    .   c - +0 shield
rNeg     . . .     Faith    .   r - +0 plate armour {rF+}
rPois    .         Spirit   .   (helmet restricted)
rElec    .         Reflect  .   (no cloak)
rCorr    .         Harm     .   (no gloves)
MR       +....     NoTele   +   (no boots)
Stlth    ..........             (no amulet)
Regen    0.3/turn               o - ring of protection from magic
MPRegen  0.2/turn               q - ring of protection from cold

@: corroded
A: retaliatory headbutt, horns 2
a: Berserk, Trog's Hand, Brothers in Arms, Burn Spellbooks, Renounce Religion


You were in the Dungeon.
You worshipped Trog.
Trog was extremely pleased with you.
You were not hungry.

You visited 1 branch You collected 729 gold pieces.
You spent 420 gold pieces at shops.

Inventory:

Hand Weapons
 a - a +0 flail (weapon)
Armour
 c - a +0 shield (worn)
 r - a +0 plate armour of fire resistance (worn)
Jewellery
 o - a ring of protection from magic (left hand)
 q - a ring of protection from cold (right hand)
Wands
 l - a wand of polymorph (10/24)
Scrolls
 k - a scroll of blinking
 p - a scroll of remove curse {unknown}
Potions
 d - a potion of might
 e - a potion of curing
 g - 2 potions of heal wounds
 h - a potion of haste
 i - 2 potions of magic
 j - a potion of berserk rage
Comestibles
 f - a bread ration
 m - 2 royal jellies


   Skills:
 + Level 13.0 Fighting
 * Level 17.1 Maces & Flails
 + Level 13.0 Armour
 + Level 10.6 Dodging
 - Level 5.4 Shields


You had 9 spell levels left.
You didn't know any spells.

Dungeon Overview and Level Annotations

Branches:
Dungeon (1/1)

Altars:
Cheibriados
Dithmenos
Elyvilon
Fedhas
Gozag
Hepliaklqana
Kikubaaqudgha
Makhleb
Nemelex Xobeh
Okawaru
Qazlal
Ru
Sif Muna
Trog
Uskayaw
Vehumet
Xom
Yredelemnul
Zin
The Shining One
Jiyva
Lugonu

Shops:
D *[


Innate Abilities, Weirdness & Mutations

You reflexively headbutt those who attack you in melee.
You have a pair of horns on your head.


Message History

The jelly barely misses you. You furiously retaliate!
You headbutt the jelly, but do no damage.
You hit the jelly but do no damage.
Your hands burn!
* * * LOW HITPOINT WARNING * * *
The jelly is almost dead.
You completely miss the jelly.
You headbutt the jelly, but do no damage.
The jelly is almost dead.
You block the jelly's attack.
You hit the jelly but do no damage.
Your hands burn!
* * * LOW HITPOINT WARNING * * *
The jelly is almost dead.
You block the jelly's attack.
Your plate armour prevents you from hitting the jelly.
You headbutt the jelly, but do no damage.
The jelly is almost dead.
The jelly hits you.
* * * LOW HITPOINT WARNING * * *
You are splashed with acid!
The acid burns!
You die...

_###+#[#((..###.†.#
## ####'###[###.#
+.....'[∩##§#
###########.# #.#
+.# #+++######§#
#.....§.J#§#
#..JJ§J§#@§#
.....§§§####
......§≈# ....≈§≈##
.≈≈≈≈## #####


You could see a jelly.

Vanquished Creatures
  2 centaur warriors (D)
  A deep troll (D)
  An oklob plant (D)
  2 kobold demonologists (D)
  A hornet (D)
  A slime creature (D)
  Sigmund (D)
  2 redbacks (D)
  A yak (D)
  2 floating eyes (D)
  An ogre (D)
  7 jellies (D)
  Ijyb (D)
23 creatures vanquished.

Notes
Turn   | Place    | Note
-------+----------+-------------------------------------------
     0 | D        | wojtek the Minotaur Fighter began the quest for the Orb.
     0 | D        | Reached XP level 1. HP: 19/19 MP: 0/0
     1 | D        | Noticed Ijyb
    27 | D        | Killed Ijyb
    27 | D        | Reached skill level 5 in Fighting
    27 | D        | Reached skill level 5 in Maces & Flails
    27 | D        | Reached skill level 5 in Armour
    27 | D        | Reached XP level 2. HP: 28/29 MP: 1/1
    31 | D        | Noticed an ogre
    39 | D        | Killed an ogre
    39 | D        | Reached skill level 8 in Maces & Flails
    39 | D        | Reached XP level 3. HP: 18/38 MP: 2/2
    39 | D        | Reached XP level 4. HP: 21/45 MP: 3/3
   196 | D        | Noticed Sigmund
   220 | D        | Killed Sigmund
   220 | D        | Reached skill level 10 in Maces & Flails
   220 | D        | Reached skill level 5 in Shields
   220 | D        | Reached XP level 5. HP: 16/53 MP: 4/4
   220 | D        | Reached XP level 6. HP: 19/61 MP: 5/5
   430 | D        | Found a burning altar of Makhleb.
   430 | D        | Found a viscous altar of Jiyva.
   430 | D        | Found a shimmering altar of Xom.
   430 | D        | Found a corrupted altar of Lugonu.
   430 | D        | Noticed a slime creature
   438 | D        | Killed a slime creature
   438 | D        | Reached skill level 11 in Maces & Flails
   568 | D        | Found a deep blue altar of Sif Muna.
   570 | D        | Found a radiant altar of Vehumet.
   572 | D        | Reached skill level 5 in Dodging
   599 | D        | Found Voatoeho's General Store.
   599 | D        | Found an ancient bone altar of Kikubaaqudgha.
   599 | D        | Found a hazy altar of Hepliaklqana.
   599 | D        | Found a stormy altar of Qazlal.
   599 | D        | Found a hide-covered altar of Uskayaw.
   599 | D        | Found a blossoming altar of Fedhas.
   599 | D        | Found a bloodstained altar of Trog.
   599 | D        | Found an iron altar of Okawaru.
   599 | D        | Found a basalt altar of Yredelemnul.
   599 | D        | Found a glowing golden altar of the Shining One.
   599 | D        | Found a snail-covered altar of Cheibriados.
   599 | D        | Found a sacrificial altar of Ru.
   599 | D        | Found a glowing silver altar of Zin.
   599 | D        | Found a shadowy altar of Dithmenos.
   599 | D        | Found a white marble altar of Elyvilon.
   599 | D        | Noticed a yak
   609 | D        | Killed a yak
   609 | D        | Reached skill level 12 in Maces & Flails
   609 | D        | Reached XP level 7. HP: 70/70 MP: 6/6
   610 | D        | Found an opulent altar of Gozag.
   611 | D        | Found a sparkling altar of Nemelex Xobeh.
   615 | D        | Became a worshipper of Trog the Wrathful
   640 | D        | Noticed a kobold demonologist
   641 | D        | Noticed a kobold demonologist
   649 | D        | Noticed a sixfirhy
   652 | D        | Noticed a rust devil
   653 | D        | Killed a kobold demonologist
   653 | D        | Reached * piety under Trog
   653 | D        | Reached skill level 10 in Fighting
   653 | D        | Reached skill level 13 in Maces & Flails
   653 | D        | Reached skill level 10 in Armour
   662 | D        | Killed a kobold demonologist
   662 | D        | Reached XP level 8. HP: 13/80 MP: 7/7
   954 | D        | Noticed a centaur warrior
   954 | D        | Noticed a centaur warrior
   969 | D        | Killed a centaur warrior
   969 | D        | Reached ** piety under Trog
   969 | D        | Reached skill level 14 in Maces & Flails
   978 | D        | Killed a centaur warrior
   978 | D        | Reached skill level 15 in Maces & Flails
   978 | D        | Reached XP level 9. HP: 40/90 MP: 8/8
  1179 | D        | Paralysed by a hornet for 1 turns
  1252 | D        | Noticed a deep troll
  1258 | D        | Killed a deep troll
  1258 | D        | Reached skill level 16 in Maces & Flails
  1258 | D        | Reached skill level 10 in Dodging
  1272 | D        | Found Doelel's Armour Emporium.
  1301 | D        | Bought a +0 plate armour of fire resistance for 420 gold pieces
  1366 | D        | Noticed an oklob plant
  1376 | D        | Killed an oklob plant
  1376 | D        | Reached *** piety under Trog
  1539 | D        | Reached XP level 10. HP: 100/100 MP: 9/9
  1550 | D        | Reached **** piety under Trog
  1550 | D        | Reached skill level 17 in Maces & Flails
  1575 | D        | Reached ***** piety under Trog
  1586 | D        | Splashed by a jelly's acid

Skill      XL: |  1  2  3  4  5  6  7  8  9 10 |
---------------+-------------------------------+-----
Fighting       | 5 6 7 9 10 11 12 13 | 13.0
Maces & Flails | 5 8 10 12 13 15 16 17 | 17.1
Armour         | 5 6 7 9 10 11 12 13 | 13.0
Dodging        | 3 5 7 9 10 | 10.6
Shields        | 5 |  5.4

Action                   |  1- 3 |  4- 6 |  7- 9 | 10-12 || total
-------------------------+-------+-------+-------+-------++-------
Melee: Flail             |    24 |    41 |    68 |    31 ||   164
       Unarmed           |     8 |       |       |       ||     8
       Headbutt          |       |     6 |    15 |    12 ||    33
  Eat: Chunk             |       |       |     2 |       ||     2
Armor: Skin              |    12 |       |       |       ||    12
       Scale mail        |       |     3 |    34 |       ||    37
       Plate armour      |       |       |     7 |     1 ||     8
Dodge: Dodged            |     8 |     5 |    31 |     4 ||    48
Block: Shield            |     5 |    13 |    42 |     8 ||    68
